 Dungeon Crawl Stone Soup version 0.28-a0-1518-gbe868bca14 (webtiles) character file.

Game seed: 4210713040695202204

48 Gildeon the Shield-Bearer (level 3, -3/26 HPs)
             Began as an Octopode Fighter on Jan 16, 2022.
             Slain by an adder (4 damage)
             ... on level 2 of the Dungeon.
             The game lasted 00:04:06 (1098 turns).

Gildeon the Shield-Bearer (Octopode Fighter)        Turns: 1098, Time: 00:04:07

Health: -3/26      AC:  1    Str: 17    XL:     3   Next: 72%
Magic:  3/3        EV: 13    Int: 10    God:
Gold:   6          SH:  4    Dex: 11    Spells: 2/2 levels left

rFire   . . .      SeeInvis .   a - +0 trident
rCold   . . .      Faith    .   b - +0 buckler
rNeg    . . .      Spirit   .   (helmet restricted)
rPois   .          Reflect  .   (no amulet)
rElec   .          Harm     .   (no ring)
rCorr   .          Rampage  .   (no ring)
Will    .....                   (no ring)
Stlth   +++.......              (no ring)
HPRegen 0.08/turn               (no ring)
MPRegen 0.08/turn               (no ring)
                                (no ring)
                                (no ring)

@: no status effects
A: almost no armour, amphibious, 8 rings, camouflage 1, gelatinous body 1,
(nimble swimmer 1), tentacles
a: no special abilities


You were on level 2 of the Dungeon.
You visited 1 branch of the dungeon, and saw 2 of its levels.

You collected 26 gold pieces.
You spent 20 gold pieces at shops.

Inventory:

Hand Weapons
 a - a +0 trident (weapon)
Missiles
 d - 4 poisoned darts (quivered)
Armour
 b - a +0 buckler (worn)
Potions
 c - a potion of might


   Skills:
 + Level 3.3 Fighting
 + Level 2.4 Polearms
 + Level 3.3 Dodging
 + Level 1.9 Stealth
 + Level 3.3 Shields


You had 2 spell levels left.
You didn't know any spells.
Your spell library was empty.

Dungeon Overview and Level Annotations

Branches:
Dungeon (2/15)

Altars:

Shops:
D:2 (


Innate Abilities, Weirdness & Mutations

You cannot wear most types of armour.
You are amphibious.
You can wear up to eight rings at the same time.
Your skin changes colour to match your surroundings (Stealth+).
Your rubbery body absorbs attacks. (AC +1, EV +1)
((You are camouflaged when in or above water. (Stealth+)))
You have tentacles for arms and can constrict up to eight enemies at once.


Message History

A hobgoblin comes into view.
Found 10 gold pieces.
Found an escape hatch in the floor.
Found a stone staircase leading down.
A hobgoblin comes into view.
Found 23 stones and 9 gold pieces.
An adder comes into view.
The adder hisses angrily.
The helpless hobgoblin fails to defend itself.
You hit the hobgoblin. You grab the hobgoblin. You squeeze the hobgoblin.
You kill the hobgoblin!
You hit the adder. Your grab misses the adder.
The adder is moderately wounded.
The hobgoblin closely misses you. The adder bites you.
You are poisoned.
The adder poisons you!
You hit the adder. Your grab misses the adder.
The adder is heavily wounded.
You feel sick. The adder bites you.
You are more poisoned.
The adder poisons you! You block the hobgoblin's attack. The adder bites you.
The hobgoblin hits you.
* * * LOW HITPOINT WARNING * * *
* * * LOW HITPOINT WARNING * * *
You feel sick.
* * * LOW HITPOINT WARNING * * *
You feel sick. The hobgoblin closely misses you.
Okay, then.
* * * LOW HITPOINT WARNING * * *
You feel sick. The adder barely misses you.
* * * LOW HITPOINT WARNING * * *
You feel sick.
* * * LOW HITPOINT WARNING * * *
You feel sick. The adder closely misses you.
* * * LOW HITPOINT WARNING * * *
You feel sick.
You are no longer poisoned.
Okay, then.
The adder barely misses you. The adder bites you.
You die...

#.†......###...##...#####
#.........#.....#.......##
#..........†...)...........
##########...∩..........###
#..............#
##....g#.......#
##...##...#####
.######S#...##
........@<..######.
..>$>..............
..............##.##
..............#
..............##..
...................
..........†....##..
...............#
.$.....(....##...


You could see an adder.

Vanquished Creatures
  An adder (D:2)
  A worm (D:2)
  2 dart slugs
  6 ball pythons (D:1)
  An endoplasm (D:1)
  3 giant cockroaches (D:1)
  3 goblins (D:1)
  3 hobgoblins
  3 jackals (D:1)
  A quokka (D:1)
  A bat (D:1)
  2 frilled lizards (D:1)
  2 rats (D:1)
29 creatures vanquished.

Notes
Turn   | Place    | Note
-------+----------+-------------------------------------------
     0 | D:1      | Gildeon the Octopode Fighter began the quest for the Orb.
     0 | D:1      | Reached XP level 1. HP: 16/16 MP: 1/1
    75 | D:1      | Reached XP level 2. HP: 7/21 MP: 2/2
   311 | D:1      | Reached skill level 1 in Stealth
   357 | D:1      | Found a faded altar of an unknown god.
   626 | D:1      | Reached XP level 3. HP: 26/26 MP: 3/3
  1014 | D:2      | Found Namozoud's Weapon Emporium.
  1021 | D:2      | Bought 4 poisoned darts for 20 gold pieces
  1091 | D:2      | HP: 1/26 [poisoned by an adder]
  1098 | D:2      | Slain by an adder

Illustrated notes

Levels and vault maps discovered:
D:1:      dpeg_arrival_pond, layout_loops_ring,
          nicolae_ecumenical_snake_handling, moated_statue,
          hangedman_abyss_or_decor_stabs
D:2:      layout_rooms, serial_shops, nicolae_shop_bloodbath_and_beyond,
          uniq_sigmund

Skill      XL: |  1  2 |
---------------+-------+-----
Stealth        | 1 |  1.9
Fighting       | |  3.3
Polearms       | |  2.4
Dodging        | |  3.3
Shields        | |  3.3

Action                   || total
-------------------------++-------
Melee: Trident           ||    51
       Constrict         ||    18
       Tentacles         ||    13
       Punch             ||     1
Throw: Dart              ||     4
 Stab: Sleeping          ||     4
Armor: Skin              ||     2
Dodge: Dodged            ||    26
Block: Buckler           ||    14

Table legend: (Time is in decaauts)
 A = Elapsed time spent in this place.
 B = Non-inter-level travel time spent in this place.
 C = Inter-level travel time spent in this place.
 D = Time resting spent in this place.
 E = Time spent auto-exploring this place.
 F = Levels seen in this place.
 G = Mean time per level.
                   A        B        C        D        E       F      G
               +--------+--------+--------+--------+--------+-----+--------+
         Total |   1110 |   1068 |     42 |    191 |    639 |   2 |  555.0 |
       Dungeon |   1110 |   1068 |     42 |    191 |    639 |   2 |  555.0 |
               +--------+--------+--------+--------+--------+-----+--------+

Top non-repeatable levels by time:
     D:1: 1021 daAuts
     D:2: 88 daAuts
